 Dungeon Crawl Stone Soup version 0.21.0-37-g46506fa (webtiles) character file.

115 gyp21 the Magician (level 4, -2/33 HPs)
             Began as a Mummy Fire Elementalist on Feb 1, 2018.
             Slain by Sigmund
             ... wielding a +0 scythe
              (10 damage)
             ... on level 2 of the Dungeon.
             The game lasted 00:05:07 (3260 turns).

gyp21 the Magician (Mummy Fire Elementalist)        Turns: 3260, Time: 00:05:08

Health: -2/33      AC:  2    Str: 11    XL:     4   Next: 68%
Magic:  1/9        EV: 12    Int: 15    God:
Gold:   144        SH:  0    Dex: 12    Spells: 5/10 levels left

rFire    x . .     SeeInvis .   k - +2 whip (venom)
rCold    + . .     Gourm    .   (no shield)
rNeg     + + +     Faith    .   a - +0 robe
rPois    ∞         Spirit   .   (no helmet)
rElec    .         Reflect  .   (no cloak)
rCorr    .         Harm     .   (no gloves)
MR       .....                  (no boots)
Stlth    +.........             (no amulet)
HPRegen  0.11/turn              (no ring)
MPRegen  0.11/turn              (no ring)

@: confused, very slightly contaminated
A: no food or potions, fire vulnerability, cold resistance 1, negative energy
resistance 3, torment resistance, unbreathing
a: no special abilities


You were on level 2 of the Dungeon.
You were not hungry.

You visited 1 branch of the dungeon, and saw 2 of its levels.

You collected 144 gold pieces.

Inventory:

Hand Weapons
 k - a +2 whip of venom (weapon)
Armour
 a - a +0 robe (worn)
Jewellery
 h - an uncursed amulet of rage {unknown}
Scrolls
 c - a scroll of enchant armour {unknown}
 d - 3 scrolls of identify {unknown}
 e - a scroll of remove curse {unknown}
 f - a scroll of fog {unknown}
 g - a scroll of random uselessness {unknown}
 i - a scroll of immolation {unknown}
 j - a scroll of teleportation {unknown}
 l - a scroll of fear {unknown}
Books
 b - a book of Flames

   Spells                             Type                      Level
   a - Flame Tongue                   Conjuration/Fire             1
   b - Throw Flame                    Conjuration/Fire             2
   c - Conjure Flame                  Conjuration/Fire             3
   d - Inner Flame                    Hexes/Fire                   3
   e - Sticky Flame                   Conjuration/Fire             4
   f - Fireball                       Conjuration/Fire             5


   Skills:
 + Level 1.7 Fighting
 + Level 2.2 Dodging
 - Level 1.5 Stealth
 + Level 3.6 Spellcasting
 + Level 1.7 Conjurations
 + Level 2.9 Fire Magic


You had 5 spell levels left.
You knew the following spells:

 Your Spells              Type           Power        Failure   Level  Hunger
a - Flame Tongue          Conj/Fire      #....        7%          1    N/A
b - Sticky Flame          Conj/Fire      #.......     56%         4    N/A

Dungeon Overview and Level Annotations

Branches:
Dungeon (2/15)

Altars:

Annotations:
D:2 Sigmund


Innate Abilities, Weirdness & Mutations

You do not eat or drink.
Your flesh is vulnerable to fire.
You are immune to poison.
Your flesh is cold resistant. (rC+)
You are immune to negative energy. (rN+++)
You are immune to unholy pain and torment.
You can survive without breathing.


Message History

The spell is very dangerous to cast!
Continue anyway?
Aiming: Sticky Flame
Press: ? - help, Shift-Dir - straight line, f/p - Sigmund
Aim: Sigmund, wielding a scythe and wearing a robe You miscast Sticky Flame.
The air around you crackles with energy!
The orc misses you.
You closely miss Sigmund. The orc misses you.
Sigmund points at you and mumbles some strange words.
You are confused.
The orc hits you from afar with a spear of chaos.
You closely miss Sigmund. Sigmund casts a spell at you.
The puff of flame hits you! The fire burns you terribly!
The orc hits you from afar with a spear of chaos.
* * * LOW HITPOINT WARNING * * *
The orc freezes you.
* * * LOW HITPOINT WARNING * * *
Sigmund hits you with a scythe!
You die...

#......#######........ #.........
#......# #...#.#..#.#####+#...#
#+#..#.# #................'....
.....#.#####.#########.####.#....
.....#................)..........
.....#######.##########.###.##...
.........................##.##...
....########.............##.....)
................@######..##......
................<@o..............
..##.....###############.##.##.#.
.........#.)..............#.##.#.
####.....#.#########.#.##o#.##.#.
...#.........# #...##...##.#.
##.#.........# ######...##.#.
#....)......[# #..>##.#.
#..#.........# #.####.#.


You could see Sigmund and an orc.

Vanquished Creatures
  An orc wizard (D:2)
  Jessica (D:2)
  An ooze (D:2)
  A worm (D:2)
  A dart slug (D:2)
  3 leopard geckos (D:1)
  5 orcs (D:2)
  3 bats
  3 giant cockroaches (D:1)
  5 goblins
  4 hobgoblins
  4 jackals (D:1)
  4 kobolds
  A ball python (D:1)
  A frilled lizard (D:2)
  6 rats
44 creatures vanquished.

Notes
Turn   | Place    | Note
-------+----------+-------------------------------------------
     0 | D:1      | gyp21 the Mummy Fire Elementalist began the quest for the Orb.
     0 | D:1      | Reached XP level 1. HP: 13/13 MP: 4/4
   153 | D:1      | Reached skill level 1 in Conjurations
   184 | D:1      | Reached XP level 2. HP: 20/20 MP: 2/5
   336 | D:1      | Reached skill level 3 in Spellcasting
  1402 | D:1      | Reached skill level 1 in Fighting
  1759 | D:2      | Reached XP level 3. HP: 23/26 MP: 7/7
  2242 | D:2      | Reached XP level 4. HP: 29/32 MP: 9/9
  2273 | D:2      | Learned a level 4 spell: Sticky Flame
  2496 | D:2      | Noticed Jessica
  2505 | D:2      | Killed Jessica
  3011 | D:2      | Noticed Sigmund
  3260 | D:2      | Slain by Sigmund

Skill      XL: |  1  2  3 |
---------------+----------+-----
Conjurations   | 1 |  1.7
Spellcasting   | 3 |  3.6
Fighting       | 1 |  1.7
Dodging        | 2 |  2.2
Stealth        | |  1.5
Fire Magic     | |  2.9

Action                   |  1- 3 |  4- 6 || total
-------------------------+-------+-------++-------
Melee: Unarmed           |    23 |       ||    23
       Whip              |    15 |    33 ||    48
       Short sword       |     2 |       ||     2
 Cast: Flame Tongue      |    33 |    10 ||    43
 Stab: Sleeping          |     1 |       ||     1
Armor: Robe              |     5 |     5 ||    10
Dodge: Dodged            |    45 |    23 ||    68
